Map: 이페머론 - 래더

Players

TSGSolar (Solar)

  • Race: Zerg Zerg
  • League: Master
  • Spawn Location: 5:00

soO - Winner!

  • Race: Zerg Zerg
  • Spawn Location: 11:00

VOD

Have the link to the VOD?

Description

Time

  • Played on: Jan. 9, 2020, 4:51 a.m.
  • Length: 6:27
Show
View Real Time Build Order
Export as new Build Order

TSGSolar Zerg 

Build Orders: Hatch First 

Get SALT Encoding   

  12  0:01  Drone  
  13  0:12  Overlord  
  13  0:17  Drone  
  14  0:31  Drone x2  
  16  0:48  Hatchery  
  15  0:51  Drone  
  15  0:54  Drone  
  17  0:57  Drone  
  18  1:08  Extractor  
  17  1:13  Spawning Pool  
  17  1:16  Drone  
  17  1:19  Drone  
  18  1:28  Drone  
  19  1:38  Drone  
  20  1:49  Overlord  
  20  2:00  Queen x2  
  25  2:01  Zergling x2  
  25  2:02  Drone  
  26  2:10  Metabolic Boost  
  26  2:11  Drone  
  26  2:12  Drone  
  28  2:22  Drone x2  
  30  2:36  Hatchery  
  29  2:39  Drone  
  29  2:44  Queen  
  30  2:50  Baneling Nest  
  31  2:51  Drone  
  31  2:55  Overlord  
  32  2:59  Drone  
  32  3:01  Drone  
  34  3:05  Zergling x2  
  34  3:06  Zergling x2  
  36  3:14  Drone x2  
  36  3:15  Drone x2  
  36  3:17  Zergling x2  
  36  3:19  Drone  
  42  3:24  Evolution Chamber  
  42  3:26  Zergling x4  
  42  3:29  Evolution Chamber  
  42  3:32  Overlord  
  42  3:36  Drone  
  43  3:49  Drone x4  
  43  3:50  Drone x2  
  43  3:54  Drone  
  50  3:57  Drone, Roach Warren  
  50  3:58  Drone  
  50  4:00  Baneling  
  51  4:05  Extractor, Drone  
  51  4:06  Extractor  
  51  4:07  Drone  
  51  4:10  Drone  
  51  4:13  Overlord  
  52  4:17  Overlord  
  52  4:20  Overlord  
  52  4:22  Zergling x2  
  52  4:25  Overlord  
  52  4:32  Zergling x4  
  52  4:37  Roach x3  
  60  4:39  Roach x2  
  60  4:42  Roach x2  
  60  4:43  Roach  
  72  4:45  Roach  
  72  4:48  Roach  
  72  4:50  Roach  
  75  4:54  Zergling x4  
  77  5:01  Zergling x10  
  77  5:06  Zergling x6  
  84  5:07  Baneling  
  84  5:09  Zergling x2  
  85  5:19  Overlord  
  85  5:20  Zergling x4  
  85  5:21  Zergling x4  
  89  5:22  Baneling x2  
  89  5:23  Baneling x2  
  89  5:29  Overlord  
  89  5:30  Zergling x2  
  79  5:49  Drone x4  
  80  5:53  Drone  
  80  5:54  Drone x2  
  80  5:55  Drone  
  80  5:56  Drone  
  81  5:59  Roach x3  
  81  6:02  Roach  
  91  6:04  Roach  
  91  6:07  Roach  
  87  6:20  Extractor  
Show
View Real Time Build Order
Export as new Build Order

soO Zerg - Winner!

Build Orders: Hatch First 

Get SALT Encoding   

  12  0:00  Drone  
  13  0:12  Overlord  
  13  0:16  Drone  
  14  0:30  Drone x2  
  16  0:47  Hatchery  
  15  0:51  Drone  
  15  0:55  Drone  
  17  0:58  Drone  
  18  1:09  Extractor  
  17  1:13  Spawning Pool  
  17  1:17  Drone  
  17  1:20  Drone  
  18  1:28  Drone  
  19  1:38  Drone  
  20  1:49  Overlord  
  20  1:59  Queen  
  20  2:00  Queen, Drone  
  25  2:01  Zergling x2  
  26  2:10  Drone x2  
  26  2:12  Metabolic Boost  
  28  2:21  Drone x2  
  30  2:33  Hatchery  
  30  2:36  Drone  
  30  2:38  Drone  
  31  2:45  Queen  
  31  2:50  Overlord  
  33  2:56  Drone  
  34  2:59  Drone, Baneling Nest  
  34  3:02  Drone  
  35  3:07  Drone  
  35  3:11  Drone x2  
  38  3:13  Zergling x4  
  38  3:17  Overlord  
  38  3:19  Drone  
  41  3:21  Drone  
  42  3:30  Extractor  
  42  3:32  Drone x2  
  42  3:33  Drone  
  43  3:34  Lair  
  43  3:36  Drone  
  44  3:41  Zergling x2  
  44  3:43  Drone  
  44  3:47  Drone x2  
  44  3:48  Drone x2  
  50  3:55  Drone, Evolution Chamber  
  51  3:59  Drone x2  
  52  4:03  Drone x2  
  52  4:04  Extractor  
  52  4:06  Roach Warren  
  52  4:09  Drone x2  
  54  4:14  Drone  
  54  4:15  Drone  
  56  4:18  Overlord  
  56  4:23  Baneling x2  
  56  4:24  Zerg Missile Weapons Level 1  
  56  4:31  Drone  
  57  4:36  Drone  
  58  4:39  Drone  
  58  4:40  Drone x2, Overlord  
  58  4:42  Overlord  
  58  4:43  Drone  
  58  4:45  Glial Reconstitution, Extractor  
  63  4:53  Roach x2  
  63  4:54  Overlord  
  63  4:55  Overlord  
  63  4:56  Overlord  
  63  4:59  Roach x2  
  71  5:00  Roach  
  71  5:01  Roach  
  71  5:02  Roach  
  74  5:07  Baneling  
  74  5:08  Roach x2  
  74  5:12  Overlord  
  78  5:15  Baneling x3  
  78  5:16  Spine Crawler, Roach  
  78  5:18  Roach  
  78  5:19  Roach  
  83  5:21  Roach  
  83  5:25  Zergling x2, Roach  
  88  5:29  Roach  
  88  5:31  Roach  
  88  5:32  Roach  
  94  5:37  Zergling x8, Roach  
  94  5:41  Roach x2  
  92  5:48  Roach  
  86  5:54  Roach x2  
  92  5:57  Roach  
  92  6:00  Roach x2  
Tags
 
Add a new tag
Caveats
  • Supply blocks, unpowered buildings, or Contaminate may cause inaccurate times.
  • Supply counts are checked every 10 seconds.